 Dungeon Crawl Stone Soup version 0.25-a0-424-g80bd347ae0 (webtiles) character file.

Game seed: 4353093654734904582, levelgen mode: deterministic

97 Nattfarinn the Caller (level 4, 0/24 HPs)
             Began as a Tengu Summoner on Jan 22, 2020.
             Slain by a wraith (2 damage)
             ... on level 5 of the Dungeon.
             The game lasted 00:04:23 (1905 turns).

Nattfarinn the Caller (Tengu Summoner)              Turns: 1905, Time: 00:04:24

Health: 0/24       AC:  4    Str:  9    XL:     4   Next: 68%
Magic:  4/9        EV: 12    Int: 16    God:
Gold:   142        SH:  0    Dex: 14    Spells: 3/9 levels left

rFire    + . .     SeeInvis .   e - +0 mace
rCold    x . .     Gourm    .   (no shield)
rNeg     . . .     Faith    .   a - +0 robe
rPois    .         Spirit   .   l - +0 hat
rElec    .         Reflect  .   b - +1 cloak
rCorr    .         Harm     .   (no gloves)
MR       .....                  (boots unavailable)
Stlth    ++........             (no amulet)
HPRegen  0.08/turn              i - ring of fire
MPRegen  0.11/turn              (no ring)

@: hasted and slowed
A: beak, talons 3
a: no special abilities


You were on level 5 of the Dungeon.
You were not hungry.

You visited 1 branch of the dungeon, and saw 5 of its levels.

You collected 142 gold pieces.

Inventory:

Hand Weapons
 e - a +0 mace (weapon)
Armour
 a - a +0 robe (worn)
 b - a +1 cloak (worn)
 l - a +0 hat (worn)
 o - a +1 leather armour of cold resistance
Jewellery
 i - a ring of fire (left hand)
Wands
 n - a wand of iceblast (4)
Scrolls
 g - a scroll of blinking {unknown}
 h - a scroll of fear {unknown}
 j - a scroll of remove curse {unknown}
 k - 4 scrolls of identify {unknown}
 m - a scroll of immolation {unknown}
Potions
 p - a potion of cancellation {unknown}
Comestibles
 c - 7 rations
 d - 8 chunks of flesh


   Skills:
 - Level 2.1 Dodging
 - Level 2.0 Stealth
 + Level 3.0 Spellcasting
 * Level 6.5 Summonings


You had 3 spell levels left.
You knew the following spells:

 Your Spells              Type           Power        Failure   Level  Hunger
a - Summon Small Mammal   Summ           ###.         1%          1    #......
b - Call Imp              Summ           ###.....     1%          2    ##.....
c - Call Canine Familiar  Summ           ###.....     3%          3    ###....

Your spell library contained the following spells:

 Spells                   Type           Power        Failure   Level  Hunger
 Summon Guardian Golem    Hex/Summ       ##......     14%         3    ###....
 Summon Ice Beast         Ice/Summ       ##......     43%         4    #####..
 Summon Lightning Spire   Summ/Air       ##......     43%         4    #####..


Dungeon Overview and Level Annotations

Branches:
Dungeon (6/15)
 Temple: D:4-7

Altars:
Ashenzari
Nemelex Xobeh


Innate Abilities, Weirdness & Mutations

You have a beak for a mouth.
You have claws for feet.


Message History

Your crimson imp blinks!
You hit the wraith but do no damage.
The wraith is lightly damaged.
Your hound misses the wraith. The wraith barely misses you.
Your crimson imp blinks!
Your hound bites the wraith but does no damage.
Your crimson imp closely misses the wraith.
The wraith hits you but does no damage.
Your hound bites the wraith but does no damage.
You barely miss the wraith. You peck the wraith, but do no damage.
The wraith is lightly damaged.
Your hound bites the wraith.
The wraith hits you!
Ouch! That really hurt!
* * * LOW HITPOINT WARNING * * *
The wraith drains your vigour!
You feel yourself slow down.
Your crimson imp hits the wraith but does no damage.
Your hound bites the wraith.
It was a potion of haste.
You feel yourself speed up.
Your hound barely misses the wraith.
The wraith hits you.
You die...

##########
#.....W@.#
#....h55.#
#........#
#$.....w.#
#.##......
..
........ .
...#..##..
#.......
...


You could see a wraith, a worm, a friendly hound and 2 friendly crimson imps.

Vanquished Creatures
  2 adders (D:3)
  A dart slug (D:3)
  A leopard gecko (D:3)
  A ball python (D:3)
  2 giant cockroaches
  5 goblins
  5 hobgoblins
  A jackal (D:1)
  3 kobolds
  3 quokkas
  8 bats
  2 frilled lizards
  7 rats
41 creatures vanquished.

Vanquished Creatures (collateral kills)
  4 adders
  A shadow imp (D:5)
  A dart slug (D:3)
  A leopard gecko (D:2)
  An orc (D:3)
  A bat (D:3)
  A hobgoblin (D:3)
  A jackal (D:1)
  A kobold (D:1)
  A quokka (D:3)
  2 frilled lizards (D:1)
  A jackal zombie (D:5)
16 creatures vanquished.

Vanquished Creatures (others)
  18 toadstools (D:3)
18 creatures vanquished.

Grand Total: 75 creatures vanquished

Notes
Turn   | Place    | Note
-------+----------+-------------------------------------------
     0 | D:1      | Nattfarinn the Tengu Summoner began the quest for the Orb.
     0 | D:1      | Reached XP level 1. HP: 10/10 MP: 4/4
   287 | D:1      | Reached skill level 5 in Summonings
   368 | D:1      | Reached XP level 2. HP: 15/15 MP: 1/6
   451 | D:1      | Learned a level 2 spell: Call Imp
  1044 | D:2      | Reached XP level 3. HP: 19/19 MP: 7/7
  1077 | D:2      | Found a shattered altar of Ashenzari.
  1512 | D:3      | Found a sparkling altar of Nemelex Xobeh.
  1598 | D:3      | Reached skill level 6 in Summonings
  1605 | D:3      | Learned a level 3 spell: Call Canine Familiar
  1649 | D:3      | Reached XP level 4. HP: 24/24 MP: 9/9
  1886 | D:3      | You fall into a shaft and drop 3 floors!
  1890 | D:5      | Entered Level 5 of the Dungeon
  1894 | D:5      | Noticed a wraith
  1905 | D:5      | Slain by a wraith

Levels and vault maps discovered:
D:1:      minmay_arrival_checkered_box, layout_basic
D:2:      layout_rooms, ashenzari_altar_1
D:3:      layout_loops_ring, nemelex_xobeh_ov_fountains_minmay, tgw_fedhas,
          first_ration
D:5:      layout_rooms, nicolae_qazlal_eye_of_the_storm,
          minmay_temple_entry_junction_2
D:6:      layout_layer_cave, lemuel_blue_sif_altar,
          gammafunk_temple_overflow_claw, gup_sewer_entry_glass, uniq_edmund,
          uniq_pikel, uniq_menkaure

Skill      XL: |  1  2  3  4 |
---------------+-------------+-----
Summonings     | 5 6 |  6.5
Spellcasting   | 3 |  3.0
Dodging        | |  2.1
Stealth        | |  2.0

Action                   |  1- 3 |  4- 6 || total
-------------------------+-------+-------++-------
Melee: Unarmed           |    16 |       ||    16
       Kick              |    11 |     6 ||    17
       Peck              |     9 |     5 ||    14
       Mace              |    52 |    35 ||    87
 Cast: Summon Small Mamm |     6 |       ||     6
       Call Imp          |     4 |     3 ||     7
       Call Canine Famil |       |     2 ||     2
  Use: Potion            |       |     1 ||     1
 Stab: Sleeping          |     5 |     2 ||     7
  Eat: Chunk             |     3 |     1 ||     4
Armor: Robe              |    25 |     8 ||    33
Dodge: Dodged            |    45 |    31 ||    76

Table legend:
 A = Non-vault XP
 B = Vault XP
 C = Vault XP percentage of total XP
 D = Non-vault monster count
 E = Vault monster count
 F = Vault count percentage of total count
                 A         B        C        D         E       F
            +---------+---------+-------+---------+---------+-------
      Total |     139 |       0 |   0.0 |      57 |       0 |   0.0
            +---------+---------+-------+---------+---------+-------
        D:1 |      20 |       0 |   0.0 |      15 |       0 |   0.0
        D:2 |      42 |       0 |   0.0 |      15 |       0 |   0.0
        D:3 |      68 |       0 |   0.0 |      25 |       0 |   0.0
        D:5 |       9 |       0 |   0.0 |       2 |       0 |   0.0
            +---------+---------+-------+---------+---------+-------
